 Dungeon Crawl Stone Soup version 0.31-a0-1074-g0b22e4e0f1 (webtiles) character file.

Game seed: 2532544472280673717

87550 Firecrotchwizard the Executioner (level 15, -2/141 HPs)
             Began as a Hill Orc Monk on Nov 30, 2023.
             Was a High Priest of Beogh.
             Slain by a shock serpent (14 damage)
             ... on level 1 of the Snake Pit on Dec 1, 2023.
             The game lasted 01:14:22 (25578 turns).

Firecrotchwizard the Executioner (Hill Orc Monk)   Turns: 25578, Time: 01:14:23

Health: -2/141     AC: 19    Str: 27    XL:     15   Next: 91%
Magic:  23/26      EV: 15    Int: 10    God:    Beogh [*****.]
Gold:   1635       SH:  0    Dex: 13    Spells: 14/14 levels left

rFire   . . .        X - +3 executioner's axe (heavy) {tacos}
rCold   . . .        (shield currently unavailable)
rNeg    + . .        d - +1 chain mail {rPois}
rPois   +            x - +0 helmet
rElec   .            (no cloak)
rCorr   .            G - +0 pair of gloves {hurl}
SInv    .            l - +1 pair of boots
Will    +....        h - amulet of regeneration Stlth
                     T - ring "Forur" {rN+ Str+5}
HPRegen 1.23/turn    H - +5 ring of evasion
MPRegen 0.20/turn

%: no passive effects
@: no status effects
A: walk on water
a: Renounce Religion, Smiting, Recall Orcish Followers, Give Item to Named
Follower


You were on level 1 of the Snake Pit.
You worshipped Beogh.
Beogh was extremely pleased with you.
You visited 3 branches of the dungeon, and saw 21 of its levels.

You collected 1962 gold pieces.
You spent 327 gold pieces at shops.

Inventory:

Hand Weapons
 P - a +0 battleaxe
 X - a +3 heavy executioner's axe (weapon) {tacos}
 Z - a +2 battleaxe of freezing
Armour
 d - a +1 chain mail of poison resistance (worn)
 j - a +0 plate armour
 l - a +1 pair of boots (worn)
 x - a +0 helmet (worn)
 G - a +0 pair of gloves of hurling (worn)
Jewellery
 f - a ring of protection from fire
 h - an amulet of regeneration (around neck)
 v - a ring of ice
 H - a +5 ring of evasion (right hand)
 I - a ring of protection from cold
 K - a ring of flight
 M - a ring of see invisible
 T - the ring "Forur" (left hand) {rN+ Str+5}
   (You took it off a kobold on level 7 of the Dungeon)

   [ring of positive energy]

   Str+5:     It affects your strength (+5).
   rN+:       It protects you from negative energy.
Wands
 p - a wand of iceblast (20)
 r - a wand of flame (45)
 F - a wand of mindburst (8)
 J - a wand of quicksilver (16)
 N - a wand of paralysis (23)
 Y - a wand of polymorph (12)
Scrolls
 a - a scroll of silence
 e - 3 scrolls of immolation
 g - a scroll of blinking
 i - 5 scrolls of identify
 t - 6 scrolls of teleportation
 u - 2 scrolls of vulnerability
 y - a scroll of amnesia
 z - a scroll of poison
 L - a scroll of revelation
Potions
 c - 3 potions of ambrosia
 k - 5 potions of brilliance
 m - 10 potions of heal wounds
 n - 4 potions of curing
 o - 4 potions of might
 q - 5 potions of attraction
 s - 5 potions of enlightenment
 A - 2 potions of haste
 D - 8 potions of lignification
 E - 2 potions of invisibility
 Q - 3 potions of cancellation
 R - 2 potions of magic
 S - a potion of mutation
Miscellaneous
 b - a phantom mirror
 B - a box of beasts


   Skills:
 + Level 15.5 Fighting
 * Level 22.7 Axes
 + Level 13.7 Armour
 - Level 2.4 Dodging
 - Level 15.7 Invocations


You had 14 spell levels left.
You didn't know any spells.
Your spell library contained the following spells:

 Spells                   Type           Power      Damage    Failure   Level
 Freeze                   Ice            0%         1d3       77%         1
 Magic Dart               Conj           0%         1d3       77%         1
 Necrotise                Necr           0%         1d4       77%         1
 Sting                    Tmut/Pois      0%         1d3       77%         1
 Cigotuvi's Dreadful Rot  Necr/Pois/Air  0%         N/A       88%         2
 Ensorcelled Hibernation  Hex/Ice        0%         N/A       88%         2
 Passwall                 Tmut/Erth      0%         N/A       88%         2
 Poisonous Vapours        Pois/Air       0%         N/A       88%         2
 Searing Ray              Conj           0%         2d4       88%         2
 Sublimation of Blood     Necr           0%         N/A       88%         2
 Wereblood                Tmut           0%         N/A       88%         2
 Call Canine Familiar     Summ           0%         N/A       98%         3
 Dazzling Flash           Conj/Hex       0%         N/A       98%         3
 Frozen Ramparts          Ice            0%         1d1       98%         3
 Hailstorm                Conj/Ice       0%         3d3       98%         3
 Ignite Poison            Fire/Tmut/Pois 0%         N/A       98%         3
 Mephitic Cloud           Conj/Pois/Air  0%         N/A       98%         3
 Sigil of Binding         Hex            0%         N/A       98%         3
 Stone Arrow              Conj/Erth      0%         3d7       98%         3
 Summon Guardian Golem    Hex/Summ       0%         N/A       98%         3
 Swiftness                Air            0%         N/A       98%         3
 Dimensional Bullseye     Hex/Tloc       0%         N/A       100%        4
 Fulminant Prism          Conj/Hex       0%         3d5       100%        4
 Leda's Liquefaction      Hex/Erth       0%         N/A       100%        4
 Manifold Assault         Tloc           0%         N/A       100%        4
 Olgreb's Toxic Radiance  Pois           0%         N/A       100%        4
 Petrify                  Tmut/Erth      0%         N/A       100%        4
 Summon Ice Beast         Ice/Summ       0%         N/A       100%        4
 Agony                    Necr           0%         N/A       100%        5
 Fireball                 Conj/Fire      0%         3d3       100%        5
 Freezing Cloud           Conj/Ice/Air   0%         6-21      100%        5
 Irradiate                Conj/Tmut      0%         3d11      100%        5
 Lee's Rapid Deconstruct  Erth           0%         3d4*      100%        5
 Silence                  Hex/Air        0%         N/A       100%        5
 Summon Forest            Summ/Tloc      0%         N/A       100%        5
 Summon Mana Viper        Hex/Summ       0%         N/A       100%        5
 Bombard                  Conj/Erth      0%         9d1       100%        6
 Conjure Ball Lightning   Conj/Air       0%         3x3d6     100%        6
 Dispersal                Tloc           0%         N/A       100%        6
 Summon Cactus Giant      Summ           0%         N/A       100%        6
 Enfeeble                 Hex            0%         N/A       100%        7
 Monstrous Menagerie      Summ           0%         N/A       100%        7
 Summon Hydra             Summ           0%         N/A       100%        7
 Disjunction              Tloc           0%         N/A       100%        8


Dungeon Overview and Level Annotations

Branches:
Dungeon (15/15) Temple (0/1) D:4 Lair (5/5) D:10 Shoals (0/4) Lair:2 Snake (1/4) Lair:2 Slime (0/5) Lair:5 Orc (0/2) D:9 Vaults (0/5) D:13 D:14 Depths (0/4) D:15

Altars:
Ashenzari
Cheibriados
Elyvilon
Fedhas
Gozag
Hepliaklqana
Kikubaaqudgha
Makhleb
Nemelex Xobeh
Okawaru
Qazlal
Sif Muna
Trog
Wu Jian
Xom
Yredelemnul

Shops:
D:3 !!(?((   D:11 (   D:15 *

Portals:
Trove: D:12 (give 6 scrolls of fog)

Annotations:
D:3 1 runed translucent door, Crazy Yiuf
D:4 2 transporters
D:14 Roxanne
Lair:3 1 runed translucent door, exclusion: door, Tacw's ghost, journeyman MeSh


Message History

The naga sharpshooter magically shoots a bolt.
The bolt completely misses you.
You chop the naga sharpshooter into pieces!!!
You kill the naga sharpshooter!
Beogh accepts your kill.
No target in view!
An anaconda comes into view.
You slice the anaconda!!
The anaconda is moderately wounded.
The anaconda grabs you. The anaconda closely misses you.
The anaconda constricts you. The anaconda bites you!
The anaconda constricts you.
You closely miss the anaconda.
The anaconda is moderately wounded.
The anaconda bites you. The anaconda constricts you.
The anaconda barely misses you. The anaconda constricts you.
A naga sharpshooter comes into view. It is wielding a +0 battleaxe.
The naga sharpshooter shouts!
You cut the anaconda into ribbons!!!
You kill the anaconda!
Beogh accepts your kill.
You see here an anaconda corpse.
A black mamba comes into view.
The naga sharpshooter unwields a +0 battleaxe.
The naga sharpshooter wields a +0 shortbow.
The naga sharpshooter gestures wildly while chanting.
The naga sharpshooter magically shoots an arrow.
The arrow closely misses you.
The black mamba hisses angrily.
The naga sharpshooter shoots an arrow.
The arrow hits you but does no damage.
The naga sharpshooter shoots an arrow.
The arrow hits you!!
The naga sharpshooter shoots an arrow.
The arrow hits you!!
* * * LOW HITPOINT WARNING * * *
You are too injured to fight recklessly!
You are too injured to fight recklessly!
You barely miss the naga sharpshooter. You chop the black mamba into pieces!!!
You kill the black mamba!
Beogh accepts your kill.
The naga sharpshooter mumbles some strange words.
The naga sharpshooter magically shoots an arrow.
The arrow hits you but does no damage.
You closely miss the naga sharpshooter.
The naga sharpshooter shoots an arrow.
The arrow completely misses you.
You slash the naga sharpshooter!
The naga sharpshooter is lightly wounded.
The naga sharpshooter gestures wildly while chanting.
You slash the naga sharpshooter!
The naga sharpshooter is moderately wounded.
The naga sharpshooter gestures wildly while chanting.
The naga sharpshooter magically shoots an arrow.
The arrow closely misses you.
You completely miss the naga sharpshooter.
The naga sharpshooter is moderately wounded.
The naga sharpshooter shoots an arrow.
The arrow completely misses you.
The naga sharpshooter spits poison at you.
The splash of poison hits you. You resist.
* * * LOW HITPOINT WARNING * * *
You slice the naga sharpshooter like a ripe choko!!!!
You kill the naga sharpshooter!
Beogh accepts your kill.
You hear an angry hiss.
You start resting.
A black mamba comes into view.
A black mamba is nearby!
You see here an anaconda corpse.
You carve the black mamba like a ham!!!
You kill the black mamba!
Beogh accepts your kill.
You start resting.
A shock serpent comes into view.
The shock serpent hisses angrily.
The shock serpent shoots out a bolt of lightning at you!
The bolt of electricity hits you! The shock serpent bites you.
The shock serpent shocks you!
* * * LOW HITPOINT WARNING * * *
You hit the shock serpent.
The shock serpent is lightly wounded.
The shock serpent bites you!
* * * LOW HITPOINT WARNING * * *
The shock serpent shocks you!
* * * LOW HITPOINT WARNING * * *
You miss the shock serpent.
The shock serpent is lightly wounded.
The shock serpent bites you.
* * * LOW HITPOINT WARNING * * *
The shock serpent shocks you!
* * * LOW HITPOINT WARNING * * *
The shock serpent barely misses you.
Aiming: Smiting
Press: ? - help, Dir - move target, f - shock serpent Smite: a shock serpent (lightly wounded)
You smite the shock serpent!!!
The shock serpent is severely wounded.
You can no longer revive fallen orcs.
The shock serpent's electric aura discharges, shocking you!
* * * LOW HITPOINT WARNING * * *
The shock serpent bites you!
* * * LOW HITPOINT WARNING * * *
The shock serpent shocks you!
You die...

............# #..#
#.............#
######+#..####.#######.#####
.#.........>#..............##
............................#
#.................(........#
#.........................##
.#....)†....)...).........##
...........†S@.......#...##
.#..........#........#####
##........###.......#
####...### ####+#### #...#
#.... #.... ......


You could see a shock serpent.

Vanquished Creatures
  Nessos (Lair:3)
  A minotaur (D:13)
  4 fire dragons
  A yaktaur captain (D:14)
  6 hydras
  An anaconda (Snake:1)
  3 two-headed ogres
  2 boulder beetles
  Erica (D:9)
  6 centaur warriors
  3 death yaks
  A deep troll earth mage (D:14)
  4 tengu warriors
  A naga warrior (Snake:1)
  5 naga sharpshooters (Snake:1)
  An occultist (D:15)
  2 skysharks
  A swamp dragon (Lair:5)
  Lodul (D:13)
  An arcanist (D:15)
  3 harpies (Lair:2)
  A necromancer (D:14)
  A lindwurm (Lair:5)
  2 deep elf pyromancers
  6 ugly things (D:15)
  5 cyclopes
  3 manticores
  6 elephants
  2 centaur zombies (D:14)
  7 black mambas
  A naga mage (Snake:1)
  A guardian serpent (Snake:1)
  5 torpor snails (Lair:5)
  An unseen horror (D:10)
  7 rime drakes
  3 gargoyles
  8 cane toads
  7 komodo dragons
  3 yaktaurs (D:15)
  2 tengu conjurers (D:15)
  5 trolls
  3 meliai (D:14)
  A polar bear (Lair:5)
  2 harpy skeletons (D:14)
  A hornet (shapeshifter) (D:14)
  7 hornets
  7 blink frogs
  3 tyrant leeches (Lair:5)
  11 dream sheep
  10 slime creatures
  A centaur simulacrum (D:15)
  Sigmund (D:6)
  A shadow (D:13)
  6 humans (D:13)
  5 wyverns
  20 yaks
  4 wraiths
  5 basilisks
  3 vampire mosquitoes
  6 steam dragons
  7 nagas
  14 water moccasins
  An acid dragon (D:12)
  An orc warrior (D:15)
  2 sky beasts (D:7)
  4 black bears
  2 ice beasts
  A swamp drake (Lair:5)
  7 ogres
  A wolf (Lair:4)
  8 centaurs
  5 kobold brigands
  17 bullfrogs
  4 scorpions
  13 wights
  15 killer bees
  A howler monkey (D:4)
  4 hounds
  2 jellies
  An orc priest (D:5)
  A gnoll bouda (D:9)
  9 iguanas
  12 orc wizards
  9 hell rats
  20 gnolls
  7 adders
  2 shadow imps
  2 white imps
  An ufetubus (D:7)
  2 worms (D:2)
  7 dart slugs
  20 orcs
  5 endoplasms
  3 giant cockroaches
  4 goblins
  7 hobgoblins
  7 jackals
  35 kobolds
  A quokka (D:1)
  6 ball pythons
  4 bats
  5 frilled lizards
  6 rats
  2 butterflies (Lair:2)
509 creatures vanquished.

Vanquished Creatures (collateral kills)
  Rupert (Lair:2)
  Aizul (Lair:2)
  A stone giant (D:15)
  A two-headed ogre (D:13)
  A centaur warrior (D:12)
  Urug (Lair:3)
  11 death yaks
  3 tengu warriors
  An arcanist (D:15)
  An orc knight (D:13)
  2 manticores
  A cyclops (D:10)
  2 slime creatures
  A gargoyle (D:10)
  A naga mage (Lair:2)
  3 cane toads
  2 komodo dragons
  A tengu conjurer (D:13)
  A yaktaur (D:14)
  3 trolls (D:10)
  A queen bee (shapeshifter) (D:13)
  2 polar bears (Lair:4)
  A tyrant leech (Lair:4)
  A hornet (Lair:5)
  4 blink frogs
  2 shadows
  10 humans (D:13)
  2 wyverns
  11 yaks
  A wraith (D:11)
  A basilisk (Lair:1)
  A vampire mosquito (D:10)
  A naga (Lair:1)
  3 water moccasins
  2 wolves (Lair:4)
  2 ogres (D:12)
  A bullfrog (D:10)
  2 killer bees
  2 howler monkeys
  A hound (D:4)
  An orc wizard (D:9)
  A hell rat (Lair:3)
  2 gnolls
  3 shadow imps (D:4)
  A white imp (D:4)
  6 orcs
104 creatures vanquished.

Vanquished Creatures (others)
  2 orc knights
  An ugly thing (D:15)
  An orc warrior (Lair:2)
  7 orc priests
  5 orc wizards
  14 orcs
30 creatures vanquished.

Grand Total: 643 creatures vanquished

Notes
Turn   | Place    | Note
-------+----------+-------------------------------------------
     0 | D:1      | Firecrotchwizard the Hill Orc Monk began the quest for the
                  | Orb.
     0 | D:1      | Reached XP level 1. HP: 19/19 MP: 1/1
   113 | D:1      | Reached XP level 2. HP: 27/27 MP: 2/2
   403 | D:1      | Reached skill level 5 in Axes
   403 | D:1      | Reached XP level 3. HP: 25/33 MP: 3/3
   699 | D:2      | Reached XP level 4. HP: 34/41 MP: 4/4
   761 | D:3      | Found Jidun's Antique Weapon Shoppe.
   785 | D:3      | You fall into a shaft and drop 2 floors!
   785 | D:5      | Entered Level 5 of the Dungeon
   807 | D:4      | Found an iron altar of Okawaru.
   828 | D:4      | Reached skill level 6 in Axes
   828 | D:4      | Reached skill level 1 in Armour
   851 | D:4      | Reached XP level 5. HP: 19/47 MP: 5/5
   861 | D:4      | Became a worshipper of Beogh the Brigand
   861 | D:4      | Reached * piety under Beogh
   861 | D:4      | Reached ** piety under Beogh
  1040 | D:3      | Found a stormy altar of Qazlal.
  1054 | D:3      | Bought a runed war axe for 143 gold pieces
  1067 | D:3      | Found Etinuedurch's Distillery.
  1103 | D:3      | Found The Oracle's Delphic Readings.
  1158 | D:3      | Reached skill level 5 in Fighting
  1173 | D:3      | Reached skill level 7 in Axes
  1173 | D:3      | Reached XP level 6. HP: 44/56 MP: 6/6
  1281 | D:3      | Found Seminiov's Weapon Shoppe.
  1350 | D:2      | Got the Quarto of Cunning Transformation
  1946 | D:2      | Found a faded altar of an unknown god.
  2156 | D:3      | Found an ancient bone altar of Kikubaaqudgha.
  2232 | D:3      | Found Pauvo's Distillery.
  2308 | D:3      | Found a runed translucent door.
  2309 | D:3      | Noticed Crazy Yiuf
  2374 | D:3      | Found Loty's Weapon Emporium.
  2614 | D:4      | Found an ornate altar of the Wu Jian Council.
  2660 | D:4      | Reached skill level 1 in Invocations
  2668 | D:4      | Found a white marble altar of Elyvilon.
  2778 | D:4      | Found a sparkling altar of Nemelex Xobeh.
  2805 | D:4      | Found a transporter.
  2823 | D:4      | Reached *** piety under Beogh
  2850 | D:4      | Found a transporter.
  2857 | D:4      | Identified the +1 whip "Lisuohu" {drain, Will+ Str+6 Int-2
                  | Stlth-}
  2945 | D:4      | Found a burning altar of Makhleb.
  3032 | D:4      | Found a staircase to the Ecumenical Temple.
  3139 | D:4      | Reached XP level 7. HP: 61/61 MP: 8/8
  3191 | D:5      | Reached skill level 8 in Axes
  3304 | D:5      | Found a snail-covered altar of Cheibriados.
  3429 | D:5      | Found a shimmering blue altar of Sif Muna.
  4600 | D:6      | Reached skill level 9 in Axes
  4600 | D:6      | Reached XP level 8. HP: 63/70 MP: 10/10
  4646 | D:6      | Noticed Sigmund
  4650 | D:6      | Killed Sigmund
  5239 | D:7      | Noticed a hornet
  5244 | D:7      | Reached skill level 10 in Axes
  5251 | D:7      | Killed a hornet
  5252 | D:7      | Reached skill level 5 in Invocations
  5255 | D:7      | Reached skill level 5 in Armour
  5261 | D:7      | Reached XP level 9. HP: 41/79 MP: 12/12
  5261 | D:7      | Reached **** piety under Beogh
  5318 | D:7      | Noticed a troll
  5321 | D:7      | Reached skill level 11 in Axes
  5549 | D:7      | Killed a troll
  5561 | D:7      | Noticed a cyclops
  5575 | D:7      | Killed a cyclops
  5576 | D:7      | Reached skill level 12 in Axes
  5591 | D:7      | Noticed a troll
  5597 | D:7      | Killed a troll
  5598 | D:7      | Reached XP level 10. HP: 66/90 MP: 15/15
  5626 | D:7      | Identified the ring "Forur" {rN+ Str+5}
  5698 | D:7      | Got the Quarto of Necromancy and the Shot
  6446 | D:7      | Reached skill level 13 in Axes
  6700 | D:8      | Found a hazy altar of Hepliaklqana.
  6711 | D:8      | Found a broken altar of Ashenzari.
  7217 | D:8      | Found a bloodstained altar of Trog.
  7226 | D:8      | Found a blossoming altar of Fedhas.
  7319 | D:8      | Paralysed by a hornet for 1 turns
  7500 | D:9      | Found an opulent altar of Gozag.
  7729 | D:9      | Reached ***** piety under Beogh
  7798 | D:9      | Noticed a two-headed ogre
  7800 | D:9      | Reached skill level 14 in Axes
  7807 | D:9      | Killed a two-headed ogre
  7808 | D:9      | Reached XP level 11. HP: 73/99 MP: 17/17
  7913 | D:9      | Found a staircase to the Orcish Mines.
  8418 | D:9      | Reached skill level 10 in Fighting
  8434 | D:9      | Noticed Erica
  8436 | D:9      | Killed Erica
  8735 | D:10     | Entered Level 10 of the Dungeon
  8898 | D:10     | Noticed a two-headed ogre
  8905 | D:10     | Killed a two-headed ogre
  8906 | D:10     | Reached skill level 15 in Axes
  8925 | D:10     | Found a basalt altar of Yredelemnul.
  8963 | D:10     | Found a staircase to the Lair.
  9134 | D:10     | Gained Gorg as an ally
  9141 | D:10     | Reached skill level 10 in Invocations
  9562 | Lair:1   | Entered Level 1 of the Lair of Beasts
  9742 | Lair:1   | Reached skill level 16 in Axes
  9812 | D:10     | Reached XP level 12. HP: 110/110 MP: 19/19
 10013 | Lair:1   | Noticed a five-headed hydra
 10018 | Lair:1   | Killed a five-headed hydra
 11031 | Lair:2   | Found a staircase to the Shoals.
 11155 | Lair:2   | Noticed a death yak
 11155 | Lair:2   | Noticed a death yak
 11178 | Lair:2   | Found a staircase to the Snake Pit.
 11225 | Lair:1   | Killed a death yak
 11615 | Lair:1   | Reached skill level 17 in Axes
 12008 | Lair:2   | Noticed a death yak
 12008 | Lair:2   | Noticed a death yak
 12008 | Lair:2   | Noticed a death yak
 12009 | Lair:2   | Noticed a death yak
 12068 | Lair:1   | Killed a death yak
 12069 | Lair:1   | Reached skill level 10 in Armour
 12076 | Lair:1   | Killed a death yak
 12083 | Lair:1   | Killed a death yak
 12092 | Lair:1   | Killed a death yak
 12094 | Lair:1   | Killed a death yak
 12580 | Lair:3   | Noticed a death yak
 12583 | Lair:3   | Noticed a death yak
 12584 | Lair:3   | Noticed a death yak
 12586 | Lair:3   | Noticed Nessos
 12587 | Lair:3   | Noticed a death yak
 12587 | Lair:3   | Noticed a death yak
 12593 | Lair:2   | Killed a death yak
 12599 | Lair:2   | Killed a death yak
 12600 | Lair:2   | Killed a death yak
 12637 | Lair:2   | Killed a death yak
 12644 | Lair:2   | Killed a death yak
 12645 | Lair:2   | Reached XP level 13. HP: 90/118 MP: 20/22
 12652 | Lair:3   | Killed Nessos
 12653 | Lair:3   | Reached skill level 18 in Axes
 12773 | Lair:3   | Noticed Rupert
 12953 | Lair:2   | Killed Rupert
 13894 | Lair:3   | Found a runed translucent door.
 13908 | Lair:3   | Identified the +12 spear "Dour" {elec, Fly rPois rC+}
 13910 | Lair:3   | Noticed Tacw's ghost (journeyman MeSh)
 14202 | Lair:3   | Gained Orik as an ally
 15205 | Lair:3   | Gained Hawl as an ally
 15583 | Lair:4   | Noticed Urug
 15650 | Lair:3   | Killed Urug
 16087 | Lair:5   | Entered Level 5 of the Lair of Beasts
 16091 | Lair:4   | Reached skill level 19 in Axes
 16616 | Lair:5   | Noticed a fire dragon
 16662 | Lair:5   | Reached XP level 14. HP: 44/129 MP: 14/24
 16805 | Lair:5   | Found a runed translucent door.
 16855 | Lair:5   | Reached skill level 20 in Axes
 17163 | Lair:5   | Found a staircase to the Slime Pits.
 17325 | Lair:5   | Gained Boldo as an ally
 17731 | Lair:5   | Your ally Boldo died
 17840 | Lair:5   | Gained Dorog as an ally
 18462 | D:11     | Found a frozen archway.
 18556 | D:11     | Found Osoi's Weapon Emporium.
 19478 | D:12     | Found a portal to a secret trove of treasure.
 19564 | D:12     | Reached ****** piety under Beogh
 19564 | D:12     | Gained Ugbert as an ally
 19746 | D:13     | Noticed Lodul
 19777 | D:13     | Killed Lodul
 19910 | D:12     | Reached skill level 21 in Axes
 20511 | D:13     | Found a runed translucent door.
 20776 | D:13     | Identified the +1 ring mail "Tasol" {Str-3 Slay+3 SInv}
 21108 | D:14     | Found a gate to the Vaults.
 21119 | D:13     | Reached XP level 15. HP: 118/139 MP: 26/26
 21441 | D:14     | Noticed Roxanne
 21482 | D:14     | Reached skill level 15 in Invocations
 21573 | D:14     | Found a broken altar of Ashenzari.
 21913 | D:14     | Identified the staff "Jelikes" {*Slow rN+ rCorr Necro
                  | Poison}
 22849 | D:15     | Entered Level 15 of the Dungeon
 23846 | D:15     | Found a shimmering altar of Xom.
 23859 | D:15     | Reached skill level 15 in Fighting
 23871 | D:15     | Reached skill level 22 in Axes
 23898 | D:15     | Gained Grimold as an ally
 23966 | D:15     | Found a shimmering altar of Xom.
 24046 | D:15     | Found a shimmering altar of Xom.
 24049 | D:15     | Found a shimmering altar of Xom.
 24049 | D:15     | Found a shimmering altar of Xom.
 24051 | D:15     | Found a shimmering altar of Xom.
 24055 | D:15     | Found a shimmering altar of Xom.
 24085 | D:15     | Gained Dorog as an ally
 24085 | D:15     | Your ally Ugbert died
 24087 | D:15     | Your ally Orik died
 24312 | D:15     | Found a staircase to the Depths.
 24317 | D:15     | Your ally Hawl died
 24429 | D:15     | Found Lifi's Assorted Antiques.
 24470 | D:15     | Bought a scroll of teleportation for 69 gold pieces
 24470 | D:15     | Bought a potion of heal wounds for 115 gold pieces
 25143 | Snake:1  | Entered Level 1 of the Snake Pit
 25183 | Snake:1  | Identified the serpent talisman of the Unicorn {Will++}
 25183 | Snake:1  | Noticed Aizul
 25192 | Lair:2   | Killed Aizul
 25445 | Snake:1  | Identified the blade talisman "Alompof" {Str+6}
 25578 | Snake:1  | Slain by a shock serpent

Illustrated notes

Levels and vault maps discovered:
D:1:      mrwooster_arrival_statue_3, layout_loops_ring
D:2:      layout_loops_ring, basic_ecumenical_altar
D:3:      layout_basic, kiku_gazebo_pond_becter, grunt_qazlal_clouds,
          serial_shops, shop_fountains, nicolae_shop_tiny_real_fake_doors,
          nicolae_shop_crystal, nicolae_shop_real_fake_doors, shop,
          corexii_hall_statues_x, nicolae_nh_oracle_at_delphi,
          uniq_crazy_yiuf_cottage
D:4:      gammafunk_wand_slinger, layout_rooms, marbit_many_paths,
          nemelex_spade_bored_becter, nzn_wu_jian_council_hall,
          lemuel_coloured_pillars_altar, amcnicky_altar_gilded,
          minmay_temple_entry_from_below_a
D:5:      layout_basic, lemuel_round_altar, cheibriados_altar_2,
          nicolae_ossuary_entry_plus, serial_glass, glass_columns_b,
          glass_columns_a, glass_columns_a, glass_columns_b, feat_on_display,
          due_unseen_surprise, item_on_display_a
D:6:      kennysheep_housing_project, layout_layer_cave, uniq_sigmund
D:7:      minmay_the_grid_octo_triangle [minmay_the_grid_octo_pinwheel,
          minmay_the_grid_octo_prize_ultimate_mussel_roller,
          minmay_the_grid_octo_horde], layout_loops_corners,
          nicolae_letterblocks [nicolae_letter_subblock,
          nicolae_letter_subblock, nicolae_letter_subblock,
          nicolae_letter_subblock, nicolae_letter_subblock,
          nicolae_letter_subblock, nicolae_letter_subblock,
          nicolae_letter_subblock, nicolae_letter_subblock,
          nicolae_letter_subblock, nicolae_letter_subblock,
          nicolae_letter_subblock, nicolae_letter_subblock,
          nicolae_letter_subblock, nicolae_letter_subblock,
          nicolae_letter_subblock, nicolae_letter_subblock,
          nicolae_letter_subblock, nicolae_letter_subblock,
          nicolae_letter_subblock, nicolae_letter_subblock,
          nicolae_letter_subblock, nicolae_letter_subblock,
          nicolae_letter_subblock, nicolae_letter_subblock]
D:8:      layout_loops_ring, mainiacjoe_overflow_small_starburst,
          mainiacjoe_overflow_swirl, nicolae_overflow_hidden_temple, minmay_puff
D:9:      layout_loops_corners, mainiacjoe_overflow_catwalk, hiddenorc1_lemuel,
          enter_bailey_2, grunt_ministairs_9, uniq_erica
D:10:     layout_roguey, mainiacjoe_overflow_alcove_2, david_lair_generic,
          nicolae_figureground_sparkle
D:11:     layout_rooms, serial_shops, shop, portal_ice_cave_rime
D:12:     layout_long_grid, nicolae_trove_entry_columns
D:13:     layout_rooms, grunt_ministairs_11, statue_in_the_mist_lemuel,
          mainiacjoe_labyrinth_nostalgia, uniq_lodul
D:14:     layout_layer_cave, david_vaults_3, evilmike_ruin_ashenzari,
          minmay_diamond_spiral, uniq_roxanne
D:15:     grunt_enter_depths_snipers, layout_long_grid, serial_park_tiny_2,
          serial_shops, shop, nicolae_xom_altar_mimics
Lair:1:   layout_cave_pods
Lair:2:   layout_concentric_octagons, nicolae_shoals_entry_roost,
          guppyfry_snake_entry_garden, lemuel_fruit_fields
Lair:3:   layout_layer_cave, ebering_ghost_funeral_grove, serial_bayou_shore_b,
          grunt_megastairs_5, infiniplex_staircase_pool_2, uniq_rupert,
          uniq_nessos
Lair:4:   layout_layer_cave, uniq_urug
Lair:5:   guppyfry_lair_end_dragon, layout_cave_pods, wormcave, slime_entry_1
Snake:1:  layout_gridlike, basic_altar, grunt_ministairs_4, drop_trap,
          uniq_aizul

Skill      XL: |  1  2  3  4  5  6  7  8  9 10 11 12 13 14 15 |
---------------+----------------------------------------------+-----
Fighting       | 4 5 6 7 8 9 11 12 13 14 15 | 15.5
Axes           | 5 6 7 9 10 12 14 16 17 19 21 22 | 22.7
Armour         | 1 2 3 5 6 7 9 10 11 12 13 | 13.7
Invocations    | 1 3 5 7 8 10 12 13 14 15 | 15.7
Dodging        | |  2.4

Action                     |  1- 3 |  4- 6 |  7- 9 | 10-12 | 13-15 || total
---------------------------+-------+-------+-------+-------+-------++-------
  Melee: Hand axe          |    18 |       |       |       |       ||    18
         Trident           |    65 |    34 |       |       |       ||    99
         War axe           |       |    92 |   159 |   396 |   124 ||   771
         Battleaxe         |       |       |       |       |   459 ||   459
         Executioner's axe |       |       |       |       |    66 ||    66
 Invoke: Convert to Beogh  |       |     1 |       |       |       ||     1
         Smiting           |       |       |     2 |     6 |    20 ||    28
         Recall Orcish Fol |       |       |       |     6 |    15 ||    21
         Give Item to Name |       |       |       |     1 |       ||     1
  Evoke: Wand              |       |       |     2 |       |     7 ||     9
    Use: Scroll            |       |       |    14 |     5 |    14 ||    33
         Potion            |       |       |       |       |     1 ||     1
   Stab: Distracted        |       |       |       |     7 |     7 ||    14
         Confused          |       |       |       |       |     1 ||     1
         Paralysed         |       |       |       |       |     2 ||     2
 Armour: Robe              |    11 |       |       |       |       ||    11
         Ring mail         |    23 |    17 |       |       |       ||    40
         Plate armour      |       |    73 |   152 |   341 |   821 ||  1387
         Chain mail        |       |       |       |       |    57 ||    57
  Dodge: Dodged            |    39 |    46 |   104 |   297 |   619 ||  1105
  Block: Buckler           |       |     5 |    33 |    88 |    20 ||   146

Table legend: (Time is in decaauts)
 A = Elapsed time spent in this place.
 B = Non-inter-level travel time spent in this place.
 C = Inter-level travel time spent in this place.
 D = Time resting spent in this place.
 E = Time spent auto-exploring this place.
 F = Levels seen in this place.
 G = Mean time per level.
                   A        B        C        D        E       F      G
               +--------+--------+--------+--------+--------+-----+--------+
         Total |  25530 |  24216 |   1314 |   4851 |  14255 |  21 | 1215.7 |
       Dungeon |  16606 |  15691 |    915 |   3313 |   9262 |  15 | 1107.1 |
          Lair |   8555 |   8157 |    398 |   1495 |   4831 |   5 | 1711.0 |
     Snake Pit |    368 |    368 |      0 |     43 |    162 |   1 |  368.0 |
               +--------+--------+--------+--------+--------+-----+--------+

Top non-repeatable levels by time:
    D:15: 2077 daAuts
  Lair:4: 1939 daAuts
  Lair:2: 1917 daAuts
    D:14: 1740 daAuts
  Lair:5: 1725 daAuts
  Lair:3: 1641 daAuts
     D:7: 1405 daAuts
    D:13: 1371 daAuts
  Lair:1: 1331 daAuts
     D:5: 1310 daAuts
     D:9: 1230 daAuts
    D:10: 1001 daAuts
    D:12: 969 daAuts
     D:8: 910 daAuts
     D:1: 861 daAuts
